 Dungeon Crawl Stone Soup version 0.31-a0-851-g7ff8af7976 (webtiles) character file.

Game seed: 17287672529681561292

77 DocEon the Conjurer (level 4, -4/24 HPs)
             Began as a Deep Elf Conjurer on Oct 5, 2023.
             Was an Initiate of Gozag.
             Killed from afar by an orc wizard (11 damage)
             ... with a puff of flame
             ... on level 4 of the Dungeon.
             The game lasted 00:02:41 (2827 turns).

DocEon the Conjurer (Deep Elf Conjurer)             Turns: 2827, Time: 00:02:42

Health: -4/24      AC:  3    Str:  1 (4)  XL:     4   Next: 13%
Magic:  12/12      EV: 15    Int: 24 (25) God:    Gozag
Gold:   166        SH:  3    Dex: 10 (13) Spells: 9/12 levels left

rFire   . . .        k - +4 dagger (venom)
rCold   . . .        j - +0 buckler
rNeg    . . .        a - +0 robe
rPois   +            (no helmet)
rElec   .            (no cloak)
rCorr   .            (no gloves)
SInv    .            i - +0 pair of boots
Will    .....        (no amulet)
Stlth   ++           f - +5 ring of evasion
HPRegen 0.24/turn    m - ring of poison resistance
MPRegen 0.13/turn

%: no passive effects
@: about to teleport
A: no striking features
a: Renounce Religion, Potion Petition, Call Merchant, Bribe Branch


You were on level 4 of the Dungeon.
You worshipped Gozag.
Gozag was aware of your devotion.
You visited 1 branch of the dungeon, and saw 4 of its levels.

You collected 225 gold pieces.
You paid 59 gold pieces to Gozag.

Inventory:

Hand Weapons
 k - a +4 dagger of venom (weapon)
Armour
 a - a +0 robe (worn)
 i - a +0 pair of boots (worn)
 j - a +0 buckler (worn)
Jewellery
 c - an amulet of guardian spirit
 f - a +5 ring of evasion (left hand)
 m - a ring of poison resistance (right hand)
Wands
 n - a wand of flame (25)
Scrolls
 g - 2 scrolls of teleportation
 h - 2 scrolls of fog {unknown}
 o - a scroll of acquirement {unknown}
 p - a scroll of immolation {unknown}
 q - a scroll of poison
 r - a scroll of enchant armour
 u - a scroll of blinking
Potions
 b - a potion of magic
 d - a potion of degeneration
 l - a potion of heal wounds {unknown}
 s - a potion of haste {unknown}
 t - a potion of enlightenment {unknown}


   Skills:
 - Level 2.4 Dodging
 - Level 2.4 Stealth
 + Level 1.0 Shields
 * Level 4.9 Spellcasting
 + Level 5.0 Conjurations


You had 9 spell levels left.
You knew the following spells:

 Your Spells              Type           Power      Damage    Failure   Level
a - Magic Dart            Conj           100%       1d8       3%          1
b - Searing Ray           Conj           60%        2d6       4%          2

Your spell library contained the following spells:

 Spells                   Type           Power      Damage    Failure   Level
 Static Discharge         Conj/Air       34%        2-4/arc   14%         2
 Dazzling Flash           Conj/Hex       34%        N/A       26%         3
 Fulminant Prism          Conj/Hex       8%         3d7       65%         4
 Iskenderun's Mystic Bla  Conj/Tloc      17%        2d5       65%         4
 Airstrike                Air            2%         2d(1-17)  94%         4
 Summon Lightning Spire   Summ/Air       5%         N/A       94%         4


Dungeon Overview and Level Annotations

Branches:
Dungeon (4/15)
 Temple: D:4-7

Altars:
Gozag
Kikubaaqudgha
Uskayaw

Annotations:
D:4 2 runed translucent doors


Message History

The magic dart hits you!
You are confused.
You're too confused to cast spells.
You bump into the rock wall.
The iguana hisses angrily.
A scorpion comes into view.
There are monsters nearby!
The kobold throws a stone.
The stone completely misses you.
The orc throws a boomerang.
The boomerang hits you.
It was a potion of degeneration.
There was something very wrong with that liquid.
You feel weakened.
You feel dopey.
You feel clumsy. Something hits you.
It was a potion of ambrosia.
You are more confused.
You feel invigorated. Something hits you.
The kobold throws a stone.
The stone misses you. Something hits you.
You bump into the rock wall.
You feel less invigorated.
The kobold throws a stone.
The stone hits you but does no damage. Something hits you.
You bump into the rock wall.
The kobold throws a stone.
The stone barely misses you. Something hits you.
You miss something.
You hear some strange, mumbled words.
A puff of flame appears from out of thin air!
The puff of flame hits you. The kobold barely misses you.
You're too confused to cast spells.
You are too confused!
You feel less confused. The orc completely misses you. Something hits you.
The kobold hits you with a +0 dagger.
As you read the scroll of teleportation, it crumbles to dust.
You feel strangely unstable. The orc hits you with a +0 trident.
* * * LOW HITPOINT WARNING * * *
You hear some strange, mumbled words.
A puff of flame appears from out of thin air!
The puff of flame hits you!
You die...
Your body crumbles into a pile of gold.

#........########...###
#...###.## .... #.#
#...###.# #.)# #.# #
#.......# #..# ..
##......# #..# ..
#.####.# #.l# .#
#<.....####++####..#
#####....8#sK#8....###
##...'.{@o'.......
#...8####8.......
#...... ......###
#...######.#.## ......
oK.# ........ ...#
.......... ...#
####...## ##..


You could see a scorpion, an iguana, an orc and a kobold.

Vanquished Creatures
  An adder (D:2)
  3 worms
  7 ball pythons
  4 bats
  7 endoplasms
  4 giant cockroaches
  5 goblins
  5 hobgoblins
  4 jackals (D:2)
  A quokka (D:3)
  2 frilled lizards
  4 kobolds
  6 rats
53 creatures vanquished.

Notes
Turn   | Place    | Note
-------+----------+-------------------------------------------
     0 | D:1      | DocEon the Deep Elf Conjurer began the quest for the Orb.
     0 | D:1      | Reached XP level 1. HP: 10/10 MP: 6/6
    61 | D:1      | Found a faded altar of an unknown god.
   225 | D:1      | Reached XP level 2. HP: 15/15 MP: 2/8
   938 | D:2      | Reached XP level 3. HP: 19/19 MP: 7/10
  1498 | D:2      | Learned a level 2 spell: Searing Ray
  2145 | D:3      | Found an opulent altar of Gozag.
  2147 | D:3      | Found a hide-covered altar of Uskayaw.
  2368 | D:3      | Reached skill level 1 in Shields
  2368 | D:3      | Reached XP level 4. HP: 24/24 MP: 10/12
  2434 | D:3      | Found an ancient bone altar of Kikubaaqudgha.
  2648 | D:3      | Became a worshipper of Gozag Ym Sagoz the Greedy
  2677 | D:4      | Reached skill level 5 in Conjurations
  2806 | D:4      | Found a large runed translucent door.
  2807 | D:4      | Found a large runed translucent door.
  2816 | D:4      | Noticed a scorpion
  2827 | D:4      | Killed from afar by an orc wizard

Illustrated notes

Levels and vault maps discovered:
D:1:      dpeg_arrival_simpleton_a, layout_rooms, ebering_ecumenical_altar_mist
D:2:      layout_loops_ring, kennysheep_generic_room_16
D:3:      layout_rooms, mainiacjoe_overflow_large_starburst, old_standard_altar
D:4:      layout_loops_cross, jmf_multi_god_temple2, ebering_ghost_inner_flame,
          minmay_misc_feat_tower, minmay_goblin_kobold_house

Skill      XL: |  1  2  3  4 |
---------------+-------------+-----
Spellcasting   | 4 |  4.9
Shields        | 1 |  1.0
Conjurations   | 5 |  5.0
Dodging        | |  2.4
Stealth        | |  2.4

Action                     |  1- 3 |  4- 6 || total
---------------------------+-------+-------++-------
  Melee: Dagger            |       |     1 ||     1
   Cast: Magic Dart        |    91 |    15 ||   106
    Use: Scroll            |     8 |     1 ||     9
         Potion            |       |     2 ||     2
 Armour: Robe              |     5 |    14 ||    19
  Dodge: Dodged            |     2 |     5 ||     7

Table legend: (Time is in decaauts)
 A = Elapsed time spent in this place.
 B = Non-inter-level travel time spent in this place.
 C = Inter-level travel time spent in this place.
 D = Time resting spent in this place.
 E = Time spent auto-exploring this place.
 F = Levels seen in this place.
 G = Mean time per level.
                   A        B        C        D        E       F      G
               +--------+--------+--------+--------+--------+-----+--------+
         Total |   2825 |   2678 |    147 |    160 |   2239 |   4 |  706.2 |
       Dungeon |   2825 |   2678 |    147 |    160 |   2239 |   4 |  706.2 |
               +--------+--------+--------+--------+--------+-----+--------+

Top non-repeatable levels by time:
     D:2: 1202 daAuts
     D:3: 744 daAuts
     D:1: 712 daAuts
     D:4: 166 daAuts
